 Dungeon Crawl Stone Soup version 0.20-a0-266-gdedccd6 (webtiles) character file.

108046 wazuzu the Severer (level 16, -5/148 HPs)
             Began as a Deep Dwarf Fighter on Dec 5, 2016.
             Was a High Priest of Elyvilon.
             Slain by an entropy weaver (6 damage)
             ... on level 2 of the Lair of Beasts.
             The game lasted 01:40:50 (21382 turns).

wazuzu the Severer (Deep Dwarf Fighter)            Turns: 21382, Time: 01:40:50

Health: -5/148     AC:  1    Str: 26    XL:     16   Next: 1%
Magic:  24/27      EV: 10    Int: 10    God:    Elyvilon [*****.]
Gold:   364        SH: 14    Dex: 12    Spells: 15/15 levels left

rFire  + . .     SeeInvis .     s - +0 broad axe
rCold  . . .     Gourm    .     a - +6 chain mail "Trusted Companion" {rPois}
rNeg   + . .     Faith    .     c - +0 shield
rPois  +         Spirit   .     C - +2 helmet
rElec  .         Reflect  +     G - +0 cloak {rF+}
rCorr  .         Harm     .     T - +0 pair of gloves {archery}
MR     +++..                    I - +0 pair of boots
Stlth  ..........               r - +3 amulet of reflection
                                j - +5 ring of slaying
                                o - ring of protection from magic

@: corroded, non-regenerating, drained
A: damage resistance, recharge devices, negative energy resistance 1, sense
surroundings 2, slow regeneration 3
a: Device Recharging, Lesser Healing, Heal Other, Purification, Greater Healing,
Divine Vigour, Divine Protection, Renounce Religion


You were on level 2 of the Lair of Beasts.
You worshipped Elyvilon.
Elyvilon was extremely pleased with you.
You were not hungry.

You visited 6 branches of the dungeon, and saw 26 of its levels.
You also visited: Bailey and Volcano.

You collected 3616 gold pieces.
You spent 3252 gold pieces at shops.

Inventory:

Hand Weapons
 s - a +0 broad axe (weapon)
 P - a +2 battleaxe of flaming
Armour
 a - the +6 chain mail "Trusted Companion" (worn) {rPois}
   (You bought it in a shop on level 8 of the Dungeon)

   It protects you from poison.
 c - a +0 shield (worn)
 C - a +2 helmet (worn)
 G - a +0 cloak of fire resistance (worn)
 I - a +0 pair of boots (worn)
 T - a +0 pair of gloves of archery (worn)
Jewellery
 j - a +5 ring of slaying (right hand)
 n - an uncursed ring of see invisible
 o - a ring of protection from magic (left hand)
 r - a +3 amulet of reflection (around neck)
 A - the ring "Egezaism" {rC+ Str+3 Dex+2}
   (You took it off an orc wizard on level 8 of the Dungeon)

   [ring of strength]

   It affects your strength (+3).
   It affects your dexterity (+2).
   It protects you from cold.
Wands
 e - a wand of heal wounds (3/9)
 p - a wand of slowing (27/48)
 y - a wand of acid (0/15)
 E - a wand of disintegration (5/24)
 H - a wand of confusion (24/48)
 J - a wand of polymorph (2/24)
 L - a wand of flame (3/48)
 Q - a wand of flame (0/48)
 R - a wand of enslavement (17/24)
 S - a wand of iceblast (9/15)
 U - a wand of disintegration (13/24)
Scrolls
 g - 4 scrolls of enchant weapon
 i - 10 scrolls of remove curse
 k - 2 scrolls of blinking
 m - 6 scrolls of teleportation
 v - 3 scrolls of amnesia
 M - 2 scrolls of recharging
 N - a scroll of fog
 V - a scroll of identify
Potions
 b - 2 potions of heal wounds
 h - 4 potions of lignification
 l - 5 potions of flight
 q - 4 potions of cure mutation
 w - 3 potions of ambrosia
 x - 7 potions of curing
 B - 2 potions of magic
 F - 3 potions of brilliance
 O - a potion of cancellation
 W - a potion of agility
 X - 2 potions of resistance
Comestibles
 d - 14 fruits
 f - 6 bread rations
 t - 9 meat rations
 z - 7 beef jerkies
 D - 25 royal jellies
 K - 2 slices of pizza


   Skills:
 - Level 10.8 Fighting
 - Level 20.1(20.0) Axes
 - Level 10.1(10.0) Armour
 - Level 6.1(6.0) Dodging
 * Level 7.5(7.4) Shields
 - Level 17.3(17.2) Invocations


You had 15 spell levels left.
You didn't know any spells.

Dungeon Overview and Level Annotations

Branches:
Dungeon (15/15)            Temple (1/1) D:4            Lair (6/6) D:10
 Shoals (0/4) Lair:3       Spider (1/4) Lair:2        Slime (0/5) Lair:6
    Orc (2/2) D:12            Elf (1/3) Orc:2        Vaults (0/5) D:13
 Depths (0/5) D:15

Altars:
Cheibriados
Dithmenos
Elyvilon
Fedhas
Gozag
Hepliaklqana
Kikubaaqudgha
Makhleb
Okawaru
Qazlal
Ru
Sif Muna
Trog
Uskayaw
Xom
Yredelemnul
The Shining One
Beogh
Jiyva

Shops:
D:8 [   D:10 :   D:14 *   Orc:2 *([=

Portals:
Trove: D:11 (give +2 gold dragon scales)

Annotations:
Lair:1 exclusion: oklob plant
Lair:2 exclusion: oklob plant


Innate Abilities, Weirdness & Mutations

You are resistant to damage.
You can recharge devices by infusing magical energy.
You resist negative energy. (rN+)
You passively map the area around you.
You do not regenerate.


Message History

You climb upwards.
Welcome back to the Lair of Beasts!
Level annotation: exclusion: oklob plant
There is a hole to the Spider Nest here.
You are healed.
You feel somewhat more hungry. You block the entropy weaver's attack.
The entropy weaver completely misses you.
The entropy weaver hits you.
* * * LOW HITPOINT WARNING * * *
You block the entropy weaver's attack.
You are healed.
You feel somewhat more hungry. The entropy weaver hits you!
* * * LOW HITPOINT WARNING * * *
The entropy weaver hits you. The entropy weaver hits you!
* * * LOW HITPOINT WARNING * * *
The entropy weaver completely misses you.
You are healed.
You feel somewhat more hungry. The entropy weaver hits you!
* * * LOW HITPOINT WARNING * * *
The entropy weaver hits you!
* * * LOW HITPOINT WARNING * * *
The entropy weaver hits you!
You die...

##........^.......P#.##.....
#..#....###.#####..#####..##
######.###### ##.###..## ##...#
##....############.....# #..###
.......#.#.#.#.######.## #...#
...##..##.#[#.#.####### ##..#
.......#.#####.#.##..# #.##
#.P#......#.#.#...≈..## #.#
#.##.......#.#..@.≈...#######.###
#..#.#....#.###.a.≈...#.#.##..#P#
.....###.#### ##.##).............
#....# ##.#.###.###...##.##P###..
##...# ##.#.#.###..#########....
##.#.# #########.### ##...
.....############.^^.## #...
.....##...............# ###.#.
#.............#.#.##.#######P..##


You could see an entropy weaver.

Vanquished Creatures
  2 acid blobs (Lair:6)
  Gastronok (D:9)
  An orc warlord (Orc:2)
  The ghost of Mygna the Fencer, a journeyman FoFi of Zin (Lair:6)
  Nessos (D:15)
  Azrael (D:14)
  A dire elephant (Lair:6)
  The ghost of heinrich the Eclecticist, a journeyman DsIE of Vehumet (Volcano)
  A deep elf death mage (Elf:1)
  A great orb of eyes (D:15)
  Erolcha (Orc:2)
  9 hydras
  A catoblepas (D:14)
  4 centaur warriors
  2 dancing weapons (D:13)
  3 death yaks (Lair:6)
  2 tengu warriors (D:15)
  The ghost of Xiguana the Destroyer, a novice DgWz (D:11)
  An orc high priest (Orc:2)
  Urug (Orc:2)
  A deep elf knight (Elf:1)
  Nergalle (D:12)
  An unseen horror (D:13)
  A wizard (D:15)
  7 hill giants
  2 orc knights (Orc:2)
  2 necromancers
  2 lindwurms (Lair:6)
  4 orc sorcerers
  2 wolf spiders
  6 deep elf magi
  An oklob plant (Lair:4)
  2 cyclopes
  A manticore (D:11)
  8 ugly things
  8 elephants
  Maurice (Orc:2)
  A merfolk siren (Lair:3)
  3 black mambas
  A toenail golem (Volcano)
  A naga mage (D:15)
  4 molten gargoyles (Volcano)
  3 gargoyles
  6 komodo dragons
  10 spiny frogs
  A demonic crawler (Spider:1)
  3 efreet (Volcano)
  4 rime drakes
  A queen bee (Lair:1)
  Grinder (D:4)
  A polar bear (shapeshifter) (D:15)
  6 meliai
  3 trolls
  11 polar bears
  4 jumping spiders (Lair:2)
  A hornet (D:12)
  A two-headed ogre (D:11)
  13 dream sheep (Lair:6)
  6 blink frogs
  9 hippogriffs
  A raiju (Lair:6)
  A centaur simulacrum (D:15)
  6 redbacks
  Sigmund (D:4)
  A spriggan (D:7)
  2 wraiths
  A shadow (D:12)
  A tarantella (Spider:1)
  2 water elementals (Elf:1)
  3 wyverns
  32 yaks
  4 hungry ghosts
  Grum (D:9)
  7 fire elementals
  3 basilisks
  A redback simulacrum (D:15)
  5 wargs
  A soldier ant (D:14)
  An acid dragon (D:12)
  Menkaure (D:4)
  18 hell hounds
  8 water moccasins
  36 orc warriors
  2 ice beasts
  8 porcupines
  3 sky beasts
  A hornet zombie (D:14)
  15 black bears
  7 ogres
  A phantom (D:14)
  An eye of draining (D:15)
  24 wolves
  4 necrophages
  19 centaurs
  11 crocodiles
  4 big kobolds
  17 bullfrogs
  3 gnoll sergeants (D:12)
  6 scorpions
  A water moccasin skeleton (D:11)
  A wyvern skeleton (D:11)
  30 killer bees
  24 wights
  4 electric eels
  5 centaur zombies
  7 crimson imps
  3 hounds
  27 orc wizards
  14 orc priests
  Crazy Yiuf (D:4)
  7 jellies
  5 bullfrog skeletons
  11 centaur skeletons
  An iguana (D:11)
  11 worker ants
  6 yak simulacra (Lair:3)
  A killer bee zombie (D:8)
  4 wolf simulacra (Lair:3)
  A hound zombie (D:6)
  A hound skeleton (D:8)
  A worker ant zombie (D:6)
  7 gnolls
  13 adders
  4 shadow imps
  12 oozes (Lair:2)
  3 adder zombies
  3 adder skeletons
  2 worms (D:2)
  3 dart slugs
  2 leopard geckos
  77 orcs
  2 giant cockroaches
  13 goblins
  11 hobgoblins
  9 jackals
  5 quokkas
  8 bats
  9 frilled lizards
  23 kobolds
  A leopard gecko skeleton (D:4)
  A leopard gecko zombie (D:6)
  6 rats
  A river rat simulacrum (Lair:3)
  4 bushes
  A fire vortex (Volcano)
  19 fungi
  24 plants
872 creatures vanquished.

Vanquished Creatures (others)
  A molten gargoyle (Volcano)
  2 orc warriors (Bailey)
  A bush (Lair:2)
  29 fungi
  18 plants
51 creatures vanquished.

Grand Total: 923 creatures vanquished

Notes
Turn   | Place    | Note
-------+----------+-------------------------------------------
     0 | D:1      | wazuzu the Deep Dwarf Fighter began the quest for the Orb.
     0 | D:1      | Reached XP level 1. HP: 20/20 MP: 1/1
   108 | D:1      | Reached skill level 3 in Axes
   113 | D:1      | Reached XP level 2. HP: 25/27 MP: 2/2
   700 | D:2      | Reached XP level 3. HP: 22/33 MP: 3/3
   724 | D:2      | Reached skill level 4 in Axes
  1049 | D:2      | Found a glowing golden altar of the Shining One.
  1076 | D:2      | Reached XP level 4. HP: 28/40 MP: 4/4
  1302 | D:3      | Reached skill level 5 in Axes
  1603 | D:3      | Found a glowing golden altar of the Shining One.
  1986 | D:4      | Noticed Sigmund
  1991 | D:4      | Noticed an ogre
  2005 | D:3      | Killed an ogre
  2005 | D:3      | Reached skill level 6 in Axes
  2005 | D:3      | Reached XP level 5. HP: 7/46 MP: 5/5
  2012 | D:4      | Killed Sigmund
  2012 | D:4      | Reached skill level 7 in Axes
  2012 | D:4      | Reached XP level 6. HP: 24/55 MP: 6/6
  2096 | D:4      | Noticed Grinder
  2103 | D:4      | Paralysed by Grinder for 7 turns
  2122 | D:4      | Killed Grinder
  2122 | D:4      | Reached skill level 9 in Axes
  2122 | D:4      | Reached XP level 7. HP: 7/61 MP: 7/7
  2145 | D:4      | Found a staircase to the Ecumenical Temple.
  2170 | Temple   | Entered the Ecumenical Temple
  2278 | Temple   | Became a worshipper of Elyvilon the Healer
  2384 | D:4      | Noticed Menkaure
  2458 | D:4      | Reached skill level 1 in Invocations
  2565 | D:4      | Found a burning altar of Makhleb.
  2809 | D:4      | Killed Menkaure
  2901 | D:4      | Found a runed door.
  2904 | D:4      | Got a bloodstained mace
  2905 | D:4      | Identified the +6 mace "Beetlebane" {drain, rC+ Str+4 Stlth+} (You found it on level 4 of the Dungeon)
  2907 | D:4      | Noticed Crazy Yiuf
  2922 | D:4      | Killed Crazy Yiuf
  3022 | D:5      | Entered Level 5 of the Dungeon
  3041 | D:5      | Reached XP level 8. HP: 54/68 MP: 10/10
  3210 | D:5      | Reached * piety under Elyvilon
  3228 | D:5      | Reached skill level 5 in Invocations
  3519 | D:6      | Reached skill level 10 in Axes
  3595 | D:6      | Found a blossoming altar of Fedhas.
  4174 | D:6      | Gained mutation: You passively map the area around you. [Deep Dwarf growth]
  4174 | D:6      | Reached XP level 9. HP: 67/73 MP: 14/14
  4187 | D:6      | Paralysed by fainting for 5 turns
  4343 | D:7      | Reached ** piety under Elyvilon
  4443 | D:7      | Reached skill level 5 in Fighting
  4443 | D:7      | Reached XP level 10. HP: 84/90 MP: 16/16
  4508 | D:7      | Found a flagged portal.
  4527 | Bailey   | Entered a bailey
  4527 | Bailey   | Noticed an orc knight
  4971 | Bailey   | Reached skill level 10 in Invocations
  5160 | D:7      | Reached skill level 11 in Axes
  5959 | D:8      | Found Fuqirphu's Antique Armour Shoppe.
  5968 | D:8      | Bought a faintly glowing chain mail for 266 gold pieces
  5978 | D:8      | Identified the +6 chain mail "Trusted Companion" {rPois} (You bought it in a shop on level 8 of the Dungeon)
  6095 | D:8      | Got a crude silver ring
  6374 | D:8      | Identified the ring "Egezaism" {rC+ Str+3 Dex+2} (You took it off an orc wizard on level 8 of the Dungeon)
  6484 | D:9      | Noticed Gastronok
  6526 | D:9      | Killed Gastronok
  6526 | D:9      | Reached skill level 12 in Axes
  6526 | D:9      | Reached XP level 11. HP: 32/96 MP: 15/17
  6718 | D:9      | Reached *** piety under Elyvilon
  6848 | D:9      | Noticed Grum
  6887 | D:9      | Killed Grum
  7117 | D:10     | Entered Level 10 of the Dungeon
  7217 | D:10     | Reached skill level 13 in Axes
  7369 | D:10     | Found Haeres's Book Shop.
  7433 | D:10     | Found a staircase to the Lair.
  7586 | D:10     | Reached skill level 14 in Axes
  7672 | D:10     | Found a shimmering altar of Xom.
  7672 | D:10     | Found a shimmering altar of Xom.
  7674 | D:10     | Found a shimmering altar of Xom.
  7674 | D:10     | Found a shimmering altar of Xom.
  7674 | D:10     | Found a shimmering altar of Xom.
  7674 | D:10     | Found a shimmering altar of Xom.
  7675 | D:10     | Found a shimmering altar of Xom.
  7675 | D:10     | Found a shimmering altar of Xom.
  7687 | D:10     | Found a shimmering altar of Xom.
  7687 | D:10     | Found a shimmering altar of Xom.
  7849 | D:10     | Noticed a hill giant
  7861 | D:10     | Killed a hill giant
  8013 | Lair:1   | Entered Level 1 of the Lair of Beasts
  8087 | Lair:1   | Reached **** piety under Elyvilon
  8327 | Lair:1   | Got a faintly glowing long sword
  8444 | Lair:1   | Noticed an oklob plant
  8945 | Lair:1   | Reached skill level 15 in Axes
  9291 | Lair:2   | Noticed a five-headed hydra
  9315 | Lair:2   | Pacified a five-headed hydra
  9416 | Lair:2   | Reached XP level 12. HP: 78/103 MP: 18/18
  9641 | Lair:2   | Reached skill level 16 in Axes
  9644 | Lair:2   | Found a hole to the Spider Nest.
 10207 | Lair:3   | Found a dark tunnel.
 10219 | Volcano  | Entered a volcano
 10248 | Volcano  | Reached skill level 17 in Axes
 10423 | Volcano  | Noticed heinrich's ghost (journeyman DsIE)
 10451 | Volcano  | Killed heinrich's ghost
 10589 | Lair:3   | Noticed a six-headed hydra
 10596 | Lair:3   | Killed a three-headed hydra
 10817 | Lair:3   | Reached skill level 18 in Axes
 10940 | Lair:3   | Found a staircase to the Shoals.
 11107 | Lair:3   | Reached XP level 13. HP: 98/111 MP: 19/19
 11940 | Lair:4   | Reached ***** piety under Elyvilon
 12798 | Lair:5   | Reached skill level 19 in Axes
 13657 | D:11     | Found a labyrinth entrance.
 13660 | D:11     | Noticed Xiguana's ghost (novice DgWz)
 13690 | D:11     | Killed Xiguana's ghost
 14309 | D:11     | Found a portal to a secret trove of treasure.
 14539 | D:12     | Noticed Nergalle
 14543 | D:12     | Killed Nergalle
 14658 | D:12     | Reached skill level 20 in Axes
 14928 | D:12     | Found a staircase to the Orcish Mines.
 15264 | Orc:1    | Entered Level 1 of the Orcish Mines
 15464 | Orc:2    | Entered Level 2 of the Orcish Mines
 15497 | Orc:2    | Found a staircase to the Elven Halls.
 15534 | Orc:2    | Noticed Erolcha
 15570 | Orc:2    | Killed Erolcha
 15726 | Orc:2    | Gained mutation: You resist negative energy. (rN+) [Deep Dwarf growth]
 15726 | Orc:2    | Reached XP level 14. HP: 85/121 MP: 20/20
 15821 | Orc:2    | Noticed Urug
 15822 | Orc:2    | Found a roughly hewn altar of Beogh.
 15834 | Orc:2    | Killed Urug
 15848 | Orc:2    | Noticed an orc warlord
 16006 | Orc:2    | Killed an orc warlord
 16051 | Orc:2    | Found Qyowk's General Store.
 16062 | Orc:2    | Found Cylam's Antique Weapon Boutique.
 16091 | Orc:2    | Bought a scroll of identify for 24 gold pieces
 16091 | Orc:2    | Bought a scroll of recharging for 114 gold pieces
 16156 | Orc:2    | Found Goschirr's Jewellery Boutique.
 16224 | Orc:2    | Noticed Maurice
 16239 | Orc:2    | Killed Maurice
 16378 | Orc:2    | Found Eviph's Antique Armour Boutique.
 16384 | Orc:2    | Bought a glowing helmet for 315 gold pieces
 16384 | Orc:2    | Bought a pair of glowing gloves for 315 gold pieces
 16452 | Orc:2    | Bought a +5 ring of slaying for 2046 gold pieces
 16673 | D:13     | Found a gate to the Vaults.
 16830 | D:13     | Reached ****** piety under Elyvilon
 17465 | D:14     | Found Unoridgh's General Store.
 17468 | D:14     | Bought a potion of agility for 60 gold pieces
 17468 | D:14     | Bought a scroll of enchant weapon for 112 gold pieces
 17588 | D:14     | Found a burning altar of Makhleb.
 17593 | D:14     | Noticed Azrael
 17603 | D:14     | Killed Azrael
 17734 | D:14     | HP: 6/127 [white ugly thing (30)]
 17739 | D:14     | Elyvilon protects you from harm!
 17850 | D:14     | Reached skill level 10 in Armour
 18169 | D:15     | Entered Level 15 of the Dungeon
 18331 | D:15     | Noticed Nessos
 18343 | D:15     | Killed Nessos
 19223 | D:15     | Reached XP level 15. HP: 129/135 MP: 24/24
 19335 | D:15     | Found a staircase to the Depths.
 19661 | Lair:6   | Entered Level 6 of the Lair of Beasts
 19768 | Lair:6   | Noticed Mygna's ghost (journeyman FoFi)
 19797 | Lair:6   | Killed Mygna's ghost
 19797 | Lair:6   | Reached skill level 15 in Invocations
 19897 | Lair:6   | Reached skill level 10 in Fighting
 20020 | Lair:6   | Found a runed door.
 20020 | Lair:6   | Found a viscous altar of Jiyva.
 20021 | Lair:6   | Noticed an acid blob
 20024 | Lair:6   | Found a staircase to the Slime Pits.
 20025 | Lair:6   | Noticed an acid blob
 20031 | Lair:6   | Killed an acid blob
 20043 | Lair:6   | Killed an acid blob
 21132 | Elf:1    | Entered Level 1 of the Elven Halls
 21346 | Spider:1 | Entered Level 1 of the Spider Nest
 21357 | Spider:1 | Reached XP level 16. HP: 124/148 MP: 27/27
 21382 | Lair:2   | HP: 1/148 [entropy weaver (12)]
 21382 | Lair:2   | Slain by an entropy weaver

Vault maps used:
D:1:      mrwooster_arrival_statue_3, serial_park_tiny_2
D:2:      overflow_temple_1_default
D:3:      first_bread, nicolae_tso_carved_into_rock
D:4:      overflow_temple_1_default, uniq_menkaure, uniq_crazy_yiuf_cottage,
          uniq_sigmund, uniq_grinder
D:6:      fedhas_altar_decomposition, dk_rats_in_the_wall
D:7:      enter_bailey_3, the_bakery
D:8:      serial_shops, kennysheep_little_box
D:9:      uniq_grum, uniq_gastronok
D:10:     due_lair_maze_entry_diamond, serial_shops, shop_fountains,
          xom_shifter_show
D:11:     lab_entry_generic, enter_trove_6
D:12:     kennysheep_orc_monster_closet_entryway, uniq_nergalle
D:13:     erik_vaults_1
D:14:     lemuel_doored_altar, serial_shops, kennysheep_mini_moat,
          serial_park_tiny_2, glass_columns_a, kennysheep_generic_room_11,
          uniq_azrael
D:15:     grunt_enter_depths_magical_seal, minmay_tree_intersection, uniq_nessos
Temple:   dpeg_five_rooms_temple
Lair:1:   minmay_lair_oklob_chamber
Lair:2:   lemuel_slime, nicolae_spider_entry_tight_spaces, st_stairs_13
Lair:3:   minmay_shoals_entry_lonely_mermaid, nicolae_volcano_entry_lava_flow,
          eino_house_with_fridge
Lair:4:   serial_bayou_shore_a
Lair:5:   st_stairs_8, grunt_megastairs_4, lemuel_fruit_tree,
          infiniplex_staircase_pool
Lair:6:   hangedman_lair_caniforms_friends, hangedman_lair_in_review,
          slime_altar_2
Orc:2:    grunt_orc_cross, uniq_maurice, uniq_erolcha
Elf:1:    minmay_elf_annihilation, minmay_shop_grove,
          roderic_lattice_octagonal_star
Bailey:   bailey_polearm_4, bailey
Volcano:  volcano_aerie

Skill      XL: |  1  2  3  4  5  6  7  8  9 10 11 12 13 14 15 |
---------------+----------------------------------------------+-----
Axes           | 3 4 6 7 9 10 12 15 18 20 | 20.1
Invocations    | 4 9 10 13 17 | 17.3
Fighting       | 5 6 9 10 | 10.8
Armour         | 7 10 | 10.1
Dodging        | 6 |  6.1
Shields        | 7 |  7.5

Action                   |  1- 3 |  4- 6 |  7- 9 | 10-12 | 13-15 | 16-18 || total
-------------------------+-------+-------+-------+-------+-------+-------++-------
Melee: War axe           |   130 |   141 |   344 |   127 |       |       ||   742
       Broad axe         |       |       |       |   884 |    10 |    17 ||   911
       Battleaxe         |       |       |       |    66 |  1185 |       ||  1251
Invok: Lesser Healing    |       |       |    21 |    91 |   186 |     3 ||   301
       Heal Other        |       |       |       |     1 |       |       ||     1
 Abil: Device Recharging |       |       |     1 |       |       |       ||     1
Evoke: Wand              |     1 |     4 |     4 |    16 |    14 |       ||    39
       Box of beasts     |       |       |       |     3 |       |       ||     3
       Sack of spiders   |       |       |       |     7 |       |       ||     7
  Use: Scroll            |       |     8 |     5 |    14 |    21 |       ||    48
       Potion            |       |     4 |     2 |     4 |     6 |       ||    16
 Stab: Sleeping          |       |       |     1 |       |       |       ||     1
  Eat: Chunk             |     1 |     3 |     8 |    20 |    51 |       ||    83
       Bread ration      |       |       |     1 |     4 |     3 |       ||     8
Armor: Scale mail        |    67 |    42 |       |    17 |       |       ||   126
       Ring mail         |       |    11 |    87 |    12 |       |       ||   110
       Chain mail        |       |       |       |   327 |   592 |     8 ||   927
Dodge: Dodged            |    45 |    59 |    89 |   297 |   529 |    17 ||  1036
Block: Shield            |    45 |    65 |   122 |   670 |    12 |    36 ||   950
       Reflection        |       |       |       |    19 |     8 |       ||    27
       Other             |       |       |       |     8 |   119 |       ||   127
